 Dungeon Crawl Stone Soup version 0.28.0-53-g5a82cb258f (webtiles) character file.

Game seed: 8955987568370373207

443 Zeld the Magician (level 6, -3/32 HPs)
             Began as a Deep Elf Conjurer on May 24, 2022.
             Slain by a gnoll shaman
             ... wielding a +0 club
              (6 damage)
             ... on level 4 of the Dungeon.
             The game lasted 00:03:50 (3323 turns).

Zeld the Magician (Deep Elf Conjurer)               Turns: 3323, Time: 00:03:51

Health: -3/32      AC:  6    Str:  4    XL:     6   Next: 71%
Magic:  1/17       EV: 12    Int: 25    God:
Gold:   66         SH:  0    Dex: 13    Spells: 6/17 levels left

rFire   . . .      SeeInvis .   a - +1 dagger (elec)
rCold   . . .      Faith    .   (no shield)
rNeg    . . .      Spirit   .   o - +0 robe
rPois   .          Reflect  .   p - +0 helmet
rElec   .          Harm     .   q - +2 cloak
rCorr   .          Rampage  .   (no gloves)
Will    .....                   (no boots)
Stlth   +++.......              (no amulet)
HPRegen 0.10/turn               (no ring)
MPRegen 0.15/turn               (no ring)

@: no status effects
A: no striking features
a: no special abilities


You were on level 4 of the Dungeon.
You visited 1 branch of the dungeon, and saw 4 of its levels.

You collected 120 gold pieces.
You spent 54 gold pieces at shops.

Inventory:

Hand Weapons
 a - a +1 dagger of electrocution (weapon)
Armour
 o - a +0 robe (worn)
 p - a +0 helmet (worn)
 q - a +2 cloak (worn)
 s - a +1 pair of gloves
Wands
 r - a wand of polymorph (12)
Scrolls
 c - 3 scrolls of identify {unknown}
 e - a scroll of fog {unknown}
 f - a scroll of teleportation {unknown}
 g - a scroll of magic mapping {unknown}
 h - 2 scrolls of summoning {unknown}
 i - a scroll of fear {unknown}
 k - a scroll of torment {unknown}
 l - a scroll of amnesia {unknown}
Potions
 b - a potion of haste {unknown}
 d - 2 potions of brilliance {unknown}
 j - a potion of attraction {unknown}
 m - a potion of degeneration {unknown}
 n - a potion of curing {unknown}


   Skills:
 - Level 2.4 Dodging
 + Level 4.3 Stealth
 * Level 6.3 Spellcasting
 * Level 6.1 Conjurations
 - Level 2.0 Hexes
 - Level 2.0 Translocations


You had 6 spell levels left.
You knew the following spells:

 Your Spells              Type           Power      Damage    Failure   Level
a - Magic Dart            Conj           100%       1d8       1%          1
b - Searing Ray           Conj           76%        2d7       1%          2
c - Fulminant Prism       Conj/Hex       14%        3d9       13%         4
d - Iskenderun's Mystic   Conj/Tloc      28%        2d7       13%         4

Your spell library contained the following spells:

 Spells                   Type           Power      Damage    Failure   Level
 Dazzling Flash           Conj/Hex       56%        N/A       4%          3
 Conjure Flame            Conj/Fire      23%        6-21      6%          3
 Gell's Gravitas          Tloc           17%        N/A       10%         3
 Lesser Beckoning         Tloc           17%        N/A       10%         3
 Teleport Other           Tloc           17%        N/A       10%         3
 Scorch                   Fire           14%        2d5       11%         2
 Starburst                Conj/Fire      11%        6d5       97%         6
 Shatter                  Erth           3%         3d7*      100%        9


Dungeon Overview and Level Annotations

Branches:
Dungeon (4/15)
 Temple: D:4-7

Altars:
Hepliaklqana
Okawaru

Shops:
D:1 (   D:3 [


Message History

Press: ? - help, Shift-Dir - straight line, f - gnoll shaman
Aim: a gnoll shaman, wielding a +0 club and wearing a +0 leather armour (83% to hit)
The searing ray hits the gnoll shaman.
The gnoll shaman is lightly wounded. (Press . to maintain the ray.)
The gnoll shaman hits you with a +0 club.
The searing ray hits the gnoll shaman but does no damage.
The gnoll shaman is lightly wounded.
The gnoll shaman hits you with a +0 club.
Unknown command.
The searing ray hits the gnoll shaman.
The gnoll shaman is moderately wounded.
The gnoll shaman hits you with a +0 club.
Unknown command.
The searing ray hits the gnoll shaman.
The gnoll shaman is severely wounded.
You finish channelling your searing ray.
The gnoll shaman hits you with a +0 club!
* * * LOW HITPOINT WARNING * * *
Casting: Searing Ray (safe; 1% risk of failure)
Confirm with . or Enter, or press ? or * to list all spells.
Aiming: Searing Ray (safe; 1% risk of failure)
Press: ? - help, Shift-Dir - straight line, f/p - gnoll shaman
Aim: a gnoll shaman, wielding a +0 club and wearing a +0 leather armour (severely wounded, 83% to hit)
Okay, then.
Items here: ))) †.
You see here a +0 halberd.
The gnoll shaman prays to its god.
The gnoll shaman is healed somewhat.
Casting: Searing Ray (safe; 1% risk of failure)
Confirm with . or Enter, or press ? or * to list all spells.
Aiming: Searing Ray (safe; 1% risk of failure)
Press: ? - help, Shift-Dir - straight line, f/p - gnoll shaman
Aim: a gnoll shaman, wielding a +0 club and wearing a +0 leather armour (moderately wounded, 83% to hit)
The searing ray hits the gnoll shaman.
The gnoll shaman is severely wounded. (Press . to maintain the ray.)
The searing ray misses the gnoll shaman.
The gnoll shaman hits you with a +0 club.
You die...

...#. #..#^# #######
#....# #..)).# #....#
#.###.#
#########...###.# #.#
..............#.###.#
...........#....@g..#
................#####
............#.###
..............#
..............#
...........#..#
############.># ####


You could see a gnoll shaman.

Vanquished Creatures
  Grinder (D:3)
  A phantom (D:3)
  Jessica (D:3)
  An iguana (D:3)
  Ijyb (D:3)
  4 gnolls (D:4)
  An adder (D:3)
  3 worms
  2 dart slugs
  5 ball pythons
  2 bats (D:1)
  3 endoplasms
  4 giant cockroaches
  3 goblins
  2 hobgoblins
  3 jackals
  3 kobolds
  A quokka (D:3)
  2 frilled lizards (D:3)
  2 rats
45 creatures vanquished.

Notes
Turn   | Place    | Note
-------+----------+-------------------------------------------
     0 | D:1      | Zeld the Deep Elf Conjurer began the quest for the Orb.
     0 | D:1      | Reached XP level 1. HP: 10/10 MP: 6/6
     7 | D:1      | Found Zipow's Antique Weapon Shoppe.
   304 | D:1      | Reached XP level 2. HP: 15/15 MP: 5/8
   307 | D:1      | Learned a level 2 spell: Searing Ray
  1203 | D:2      | Reached skill level 1 in Translocations
  1464 | D:2      | Found a faded altar of an unknown god.
  1697 | D:2      | Reached XP level 3. HP: 19/19 MP: 7/10
  1920 | D:3      | Noticed Ijyb
  2189 | D:3      | Noticed Jessica
  2191 | D:3      | Killed Jessica
  2192 | D:3      | Reached skill level 1 in Hexes
  2242 | D:3      | Noticed Grinder
  2247 | D:3      | Killed Grinder
  2248 | D:3      | Reached skill level 5 in Spellcasting
  2248 | D:3      | Reached skill level 5 in Conjurations
  2248 | D:3      | Reached XP level 4. HP: 11/24 MP: 4/13
  2248 | D:3      | Reached XP level 5. HP: 12/28 MP: 4/15
  2253 | D:3      | Learned a level 4 spell: Fulminant Prism
  2258 | D:3      | Learned a level 4 spell: Iskenderun's Mystic Blast
  2455 | D:3      | Noticed a phantom
  2462 | D:3      | Killed a phantom
  2463 | D:3      | Reached XP level 6. HP: 32/32 MP: 11/16
  2974 | D:3      | Found Katt's Armour Boutique.
  2982 | D:3      | Bought a +0 helmet for 54 gold pieces
  3092 | D:3      | Killed Ijyb
  3160 | D:3      | Found a hazy altar of Hepliaklqana.
  3163 | D:3      | Found an iron altar of Okawaru.
  3295 | D:4      | Got the Incunabulum of Ignition and the Rocks
  3323 | D:4      | Slain by a gnoll shaman

Illustrated notes

Levels and vault maps discovered:
D:1:      saegor_arrival_simple_a, layout_basic, serial_shops,
          nicolae_shop_stone
D:2:      layout_basic, shapermc_ecumenical_altar_gd, bh_walls_and_bars
D:3:      minmay_spotlight, layout_loops_ring, minitemple, serial_shops,
          nicolae_shop_crystal, chequers_serial_rivers_micro_e,
          minmay_misc_feat_doors, minmay_unequal, uniq_grinder, uniq_ijyb,
          uniq_jessica
D:4:      layout_basic, kiku_gazebo_pond_becter, minmay_temple_entry_arrows,
          uniq_crazy_yiuf_cottage

Skill      XL: |  1  2  3  4  5  6 |
---------------+-------------------+-----
Translocations | 1 2 |  2.0
Spellcasting   | 5 6 |  6.3
Hexes          | 2 |  2.0
Stealth        | 3 4 |  4.3
Conjurations   | 5 6 |  6.1
Dodging        | |  2.4

Action                   |  1- 3 |  4- 6 || total
-------------------------+-------+-------++-------
Melee: Unarmed           |     6 |     2 ||     8
       Dagger            |       |     3 ||     3
 Cast: Magic Dart        |    32 |     7 ||    39
       Searing Ray       |    13 |    12 ||    25
 Stab: Sleeping          |     1 |       ||     1
Armor: Robe              |     5 |     2 ||     7
       Skin              |       |     2 ||     2
Dodge: Dodged            |     8 |    14 ||    22
